 Dungeon Crawl Stone Soup version 0.18-a0-1572-g0a86841 (webtiles) character file.

651 namelastname112 the Martial Artist (level 7, 0/57 HPs)
             Began as a Yellow Draconian Monk on Mar 15, 2016.
             Was a Believer of Sif Muna.
             Killed by divine providence
             ... invoked by an orc priest
              (12 damage)
             ... on level 5 of the Dungeon.
             The game lasted 00:04:49 (3291 turns).

namelastname112 the Martial Artist (DrMo)           Turns: 3291, Time: 00:04:49

Health: 0/57       AC:  6    Str: 13    XL:     7   Next: 28%
Magic:  7/7        EV:  8    Int: 10    God:    Sif Muna [**....]
Gold:   188        SH:  0    Dex: 16    Spells: 0 memorised, 6 levels left

rFire  . . .     SeeInvis .       - Unarmed
rCold  . . .     Gourm    .     (armour unavailable)
rNeg   . . .     Faith    .     (no shield)
rPois  .         Spirit   .     (helmet restricted)
rElec  .         Dismiss  .     (no cloak)
rCorr  +         Reflect  .     (no gloves)
SustAt .         Harm     .     (no boots)
MR     +....                    (no amulet)
Stlth  ++........               g - ring of protection from magic
                                t - +3 ring of slaying

@: somewhat resistant to hostile enchantments, unstealthy
A: spit acid, acid resistance, unfitting armour, cold-blooded, AC +6
a: Spit Acid, Channel Energy, Renounce Religion


You were on level 5 of the Dungeon.
You worshipped Sif Muna.
Sif Muna was pleased with you.
You were hungry.

You visited 1 branch of the dungeon, and saw 5 of its levels.

You collected 188 gold pieces.

Inventory:

Missiles
 f - 5 curare-tipped needles
Jewellery
 g - a ring of protection from magic (right hand)
 s - an uncursed ring of protection from magic
 t - a +3 ring of slaying (left hand)
Wands
 j - a wand of digging (11/24)
Scrolls
 k - a scroll of blinking {unknown}
 q - a scroll of magic mapping
 u - a scroll of recharging {unknown}
Potions
 c - a potion of berserk rage
 h - 2 potions of flight {unknown}
 m - 2 potions of haste {unknown}
 n - a potion of mutation {unknown}
 o - 2 potions of agility {unknown}
 p - a potion of heal wounds
 r - a potion of beneficial mutation {unknown}
Books
 e - a book of Cantrips

   Spells                             Type                      Level
   a - Corona                         Hexes                        1
   b - Animate Skeleton               Necromancy                   1
   c - Summon Small Mammal            Summoning                    1
   d - Apportation                    Translocation                1
Comestibles
 a - 4 bread rations
 d - 4 fruits
 i - 3 meat rations
 l - 2 beef jerkies


   Skills:
 - Level 3.2 Fighting
 - Level 2.6 Dodging
 - Level 1.7 Stealth
 + Level 9.0 Unarmed Combat


You had 6 spell levels left.
You didn't know any spells.

Dungeon Overview and Level Annotations

Branches:
Dungeon (5/15)
 Temple: D:4-7

Altars:
Dithmenos
Ru
Sif Muna
The Shining One


Innate Abilities, Weirdness & Mutations

You can spit globs of acid.
You are resistant to acid.
Your golden yellow scales are hard (AC +6).
Your body does not fit into most forms of armour.
You are cold-blooded and may be slowed by cold attacks.


Message History

Beogh smites you!
The orc wizard points at you and mumbles some strange words.
The puff of flame hits you!
The orc priest casts a cantrip, but nothing happens.
There is an open door here.
The orc priest calls down the wrath of Beogh upon you.
Beogh smites you!
The orc priest casts a cantrip, but nothing happens.
The orc priest invokes the aid of Beogh against you.
Beogh smites you!
* * * LOW HITPOINT WARNING * * *
The orc wizard points at you and mumbles some strange words.
The magic dart hits you!
* * * LOW HITPOINT WARNING * * *
There is a stone staircase leading down here.
The orc wizard gestures at you while chanting.
The magic dart hits you!
The orc priest invokes the aid of Beogh against you.
Beogh smites you!
You die...

.....% .......
......O .......
......# ......#
#.....############
+....o'..oo..Oo.@#
#.....##########.#
#.....# #.#
#.....# #.#
#....o# #.#
.....o..# #.#
........# #.#
........#
#.#########
........#
#.........#


You could see an ogre, 2 orc priests and an orc wizard.

Vanquished Creatures
  Edmund (D:4)
  2 ogres (D:4)
  A scorpion (D:4)
  A howler monkey (D:4)
  2 orc wizards (D:4)
  Ijyb (D:2)
  2 worker ants (D:4)
  A hound skeleton (D:4)
  A gnoll (D:4)
  4 adders
  2 oozes (D:1)
  An adder skeleton (D:4)
  A worm (D:2)
  3 dart slugs
  3 giant geckos
  3 orcs (D:4)
  4 bats
  A giant cockroach (D:3)
  7 hobgoblins
  15 jackals
  A quokka (D:2)
  6 giant newts
  3 goblins
  6 kobolds
  8 rats
80 creatures vanquished.

Notes
Turn   | Place    | Note
--------------------------------------------------------------
     0 | D:1      | namelastname112 the Draconian Monk began the quest for the Orb.
     0 | D:1      | Reached XP level 1. HP: 19/19 MP: 1/1
    81 | D:1      | Reached XP level 2. HP: 17/26 MP: 2/2
   369 | D:1      | Reached skill level 5 in Unarmed Combat
   370 | D:1      | Reached XP level 3. HP: 19/31 MP: 3/3
   785 | D:2      | Noticed Ijyb
   799 | D:2      | Killed Ijyb
   799 | D:2      | Reached XP level 4. HP: 36/38 MP: 4/4
  1514 | D:2      | Reached skill level 6 in Unarmed Combat
  1534 | D:2      | Found a faded altar to an unknown god.
  1549 | D:2      | Became a worshipper of Sif Muna the Loreminder
  1549 | D:2      | Reached * piety under Sif Muna
  1549 | D:2      | Reached ** piety under Sif Muna
  1947 | D:3      | Found a glowing golden altar of the Shining One.
  2055 | D:4      | Reached XP level 5. HP: 41/45 MP: 5/5
  2290 | D:4      | Reached skill level 7 in Unarmed Combat
  2367 | D:4      | Noticed Edmund
  2443 | D:4      | Killed Edmund
  2443 | D:4      | Reached XP level 6. HP: 29/51 MP: 6/6
  2598 | D:4      | Reached skill level 8 in Unarmed Combat
  2912 | D:4      | Your scales start taking on a golden yellow colour.
  2912 | D:4      | Reached XP level 7. HP: 57/57 MP: 7/7
  2931 | D:4      | Found a shadowy altar of Dithmenos.
  3104 | D:4      | Found a sacrificial altar of Ru.
  3209 | D:4      | Reached skill level 9 in Unarmed Combat
  3220 | D:5      | Entered Level 5 of the Dungeon
  3291 | D:5      | Killed from afar by an orc priest

Vault maps used:
D:1:      saegor_arrival_miasma
D:2:      mumra_celtic_spiral_tile, ecumenical_altar_2, uniq_iyjb
D:3:      nicolae_tso_swordbearing_angel
D:4:      nicolae_dithmenos_the_darkroom, kennysheep_mini_moat,
          grunt_decor_mini_mirrors, minivault_14, sigmund_army, uniq_edmund
D:5:      kennysheep_mini, serial_shops, shop, basic_altar, first_bread,
          makhleb_blood_cavern_becter

Skill      XL: |  1  2  3  4  5  6  7 |
---------------+----------------------+-----
Unarmed Combat | 5 6 7 8 9 |  9.0
Fighting       | |  3.2
Dodging        | |  2.6
Stealth        | |  1.7

Action                   |  1- 3 |  4- 6 |  7- 9 || total
-------------------------+-------+-------+-------++-------
Melee: Unarmed           |   116 |   156 |    23 ||   295
  Use: Scroll            |       |     9 |       ||     9
       Potion            |       |     2 |       ||     2
 Stab: Sleeping          |     2 |     7 |       ||     9
  Eat: Chunk             |       |     6 |     1 ||     7
